 Dungeon Crawl Stone Soup version 0.25.1-2-g60ff931df9 (webtiles) character file.

Game seed: 16844496422908422011

523402 prdct the Slayer (level 24, -29/228 HPs)
             Began as a Minotaur Gladiator on Oct 11, 2020.
             Was the Champion of the Shining One.
             Killed from afar by a storm dragon (41 damage)
             ... with a bolt of lightning
             ... on level 5 of the Vaults on Oct 16, 2020.
             The game lasted 04:23:50 (70127 turns).

prdct the Slayer (Minotaur Gladiator)              Turns: 70127, Time: 04:23:53

Health: -29/228    AC: 27    Str: 31    XL:     24   Next: 72%
Magic:  14/34      EV: 31    Int:  7    God:    the Shining One [******]
Gold:   3902       SH: 22    Dex: 23    Spells: 37/39 levels left

rFire    + + .     SeeInvis .   x - +5 trishula (holy)
rCold    + + .     Gourm    .   W - +4 kite shield
rNeg     + + +     Faith    .   p - +7 faerie dragon scales {rF+ rC+ rCorr Int+4}
rPois    .         Spirit   .   c - +2 hat
rElec    .         Reflect  .   e - scarf {rC+ rF+}
rCorr    +         Harm     .   k - +2 pair of gloves
MR       ++...                  S - +2 pair of boots {Fly}
Stlth    ++........             n - amulet of Ypsujao {RegenMP Int-2 Dex+5 Slay+6}
HPRegen  0.48/turn              u - ring of protection from magic
MPRegen  0.49/turn              J - +6 ring of strength

@: marked, flying, glowing
A: retaliatory headbutt, horns 2, deterioration 1, MP-powered wands
}: 2/15 runes: decaying, serpentine
a: Divine Shield, Cleansing Flame, Summon Divine Warrior, Brand Weapon With Holy
Wrath, Renounce Religion, Stop Flying


You were on level 5 of the Vaults.
You worshipped the Shining One.
The Shining One was exalted by your worship.
You were not hungry.

You visited 9 branches of the dungeon, and saw 45 of its levels.
You visited 1 bazaar.

You collected 5902 gold pieces.
You spent 2000 gold pieces at shops.

Inventory:

Hand Weapons
 w - a +9 vorpal spear
 x - a +5 trishula of holy wrath (weapon)
 L - the +3 fustibalus of Nemelex Xobeh's Grace {speed, Dex+2}
   (You found it on level 11 of the Dungeon)

   Attacks with this weapon are significantly faster.
   It affects your dexterity (+2).
Missiles
 s - 1060 stones (quivered)
Armour
 c - a +2 hat (worn)
 e - a scarf of resistance (worn)
 k - a +2 pair of gloves (worn)
 p - the +7 faerie dragon scales (worn) {rF+ rC+ rCorr Int+4}
   (You took it off the Enchantress on level 1 of the Depths)

   It affects your intelligence (+4).
   It protects you from fire.
   It protects you from cold.
   It provides partial protection from all sources of acid and corrosion.
 S - a +2 pair of boots of flying (worn)
 W - a +4 kite shield (worn)
 Z - the +7 chain mail of Life {MR+ MP+9 Dex-4}
   (You found it on level 3 of the Lair of Beasts)

   It affects your dexterity (-4).
   It affects your resistance to hostile enchantments.
   It affects your magic capacity (+9).
Jewellery
 b - a +4 ring of evasion
 n - the amulet of Ypsujao (around neck) {RegenMP Int-2 Dex+5 Slay+6}
   (You found it on level 3 of the Elven Halls)

   [amulet of magic regeneration]

   It increases your magic regeneration.
   It affects your intelligence (-2).
   It affects your dexterity (+5).
   It affects your accuracy and damage with ranged weapons and melee attacks
   (+6).
 t - an uncursed ring of poison resistance
 u - a ring of protection from magic (left hand)
 z - an uncursed amulet of guardian spirit
 J - a +6 ring of strength (right hand)
 K - a cursed -4 ring of strength
 N - a cursed ring of resist corrosion
 Y - an uncursed ring of see invisible
Wands
 j - a wand of polymorph (31)
 o - a wand of digging (15)
 y - a wand of paralysis (62)
 A - a wand of iceblast (34)
 M - a wand of enslavement (6)
 R - a wand of flame (86)
 T - a wand of disintegration (26)
 X - a wand of acid (6)
Scrolls
 g - 2 scrolls of magic mapping
 h - a scroll of summoning
 i - 14 scrolls of teleportation
 m - 2 scrolls of fear
 C - 2 scrolls of silence
 E - a scroll of acquirement
 F - 2 scrolls of brand weapon
 O - 2 scrolls of fog
 P - 3 scrolls of holy word
 Q - 4 scrolls of identify
 V - 5 scrolls of remove curse
Potions
 l - a potion of might
 v - 15 potions of curing
 B - 3 potions of magic
 D - 3 potions of cancellation
 G - 3 potions of brilliance
 H - 3 potions of ambrosia
 U - 3 potions of haste
Miscellaneous
 d - 3 phantom mirrors
 q - 4 boxes of beasts
 r - a lightning rod (4/4)
Comestibles
 f - 72 rations


   Skills:
 - Level 21.1 Fighting
   Level 6.9 Long Blades
 - Level 19.3 Polearms
 - Level 1.8(2.4) Slings
 - Level 2.2(2.5) Throwing
 + Level 19.0 Armour
 + Level 20.4 Dodging
 * Level 9.1 Stealth
 - Level 20.0 Shields
 - Level 8.0 Spellcasting
 + Level 9.0 Translocations
 + Level 10.3 Invocations
 + Level 8.6 Evocations


You had 37 spell levels left.
You knew the following spells:

 Your Spells              Type           Power        Failure   Level  Hunger
a - Blink                 Tloc           N/A          1%          2    ##.....

Your spell library contained the following spells:

 Spells                   Type           Power        Failure   Level  Hunger
 Apportation              Tloc           ###...       1%          1    None
 Gell's Gravitas          Tloc           ###.......   1%          3    ###....
 Shroud of Golubria       Chrm/Tloc      #.....       5%          2    ##.....
 Recall                   Summ/Tloc      N/A          11%         3    ###....
 Animate Skeleton         Necr           N/A          22%         1    None
 Beastly Appendage        Tmut           #.....       22%         1    None
 Corona                   Hex            #......      22%         1    None
 Foxfire                  Conj/Fire      #...         22%         1    None
 Freeze                   Ice            #...         22%         1    None
 Infusion                 Chrm           #...         22%         1    None
 Magic Dart               Conj           #...         22%         1    None
 Sandblast                Erth           #.....       22%         1    None
 Sting                    Tmut/Pois      #...         22%         1    None
 Summon Small Mammal      Summ           #...         22%         1    None
 Call Imp                 Summ           #.......     34%         2    ##.....
 Corpse Rot               Necr/Air       N/A          34%         2    ##.....
 Passwall                 Tmut/Erth      #.......     34%         2    ##.....
 Poisonous Vapours        Pois/Air       #.....       34%         2    ##.....
 Searing Ray              Conj           #.....       34%         2    ##.....
 Slow                     Hex            #.......     34%         2    ##.....
 Song of Slaying          Chrm           #.......     34%         2    ##.....
 Sticks to Snakes         Tmut           #.......     34%         2    ##.....
 Sublimation of Blood     Necr           #.........   34%         2    ##.....
 Iskenderun's Mystic Bla  Conj/Tloc      #.......     34%         4    ####...
 Confusing Touch          Hex            #.......     56%         3    ###....
 Conjure Flame            Conj/Fire      #.......     56%         3    ###....
 Dazzling Flash           Conj/Hex       #.....       56%         3    ###....
 Frozen Ramparts          Ice            #.....       56%         3    ###....
 Inner Flame              Hex/Fire       #.......     56%         3    ###....
 Mephitic Cloud           Conj/Pois/Air  #.......     56%         3    ###....
 Ozocubu's Armour         Chrm/Ice       #.......     56%         3    ###....
 Spectral Weapon          Hex/Chrm       #.......     56%         3    ###....
 Spider Form              Tmut/Pois      #.........   56%         3    ###....
 Stone Arrow              Conj/Erth      #.....       56%         3    ###....
 Summon Guardian Golem    Hex/Summ       #.......     56%         3    ###....
 Summon Forest            Summ/Tloc      #.........   69%         5    ######.
 Animate Dead             Necr           N/A          92%         4    ####...
 Dispel Undead            Necr           #.......     92%         4    ####...
 Fulminant Prism          Conj/Hex       #.........   92%         4    ####...
 Hailstorm                Conj/Ice       #.......     92%         4    ####...
 Ice Form                 Ice/Tmut       #.......     92%         4    ####...
 Leda's Liquefaction      Hex/Erth       #.........   92%         4    ####...
 Olgreb's Toxic Radiance  Pois           #.......     92%         4    ####...
 Petrify                  Tmut/Erth      #.......     92%         4    ####...
 Sticky Flame             Conj/Fire      #.......     92%         4    ####...
 Summon Ice Beast         Ice/Summ       #.......     92%         4    ####...
 Summon Lightning Spire   Summ/Air       #.......     92%         4    ####...
 Agony                    Necr           #.......     99%         5    ######.
 Aura of Abjuration       Summ           #.........   99%         5    ######.
 Blade Hands              Tmut           #.........   99%         5    ######.
 Bolt of Magma            Conj/Fire/Erth #.........   99%         5    ######.
 Borgnjor's Vile Clutch   Necr/Erth      #.........   99%         5    ######.
 Excruciating Wounds      Chrm/Necr      #.........   99%         5    ######.
 Fireball                 Conj/Fire      #.........   99%         5    ######.
 Iskenderun's Battlesphe  Conj/Chrm      #.......     99%         5    ######.
 Lee's Rapid Deconstruct  Erth           #.........   99%         5    ######.
 Metabolic Englaciation   Hex/Ice        #.........   99%         5    ######.
 Silence                  Hex/Air        #.........   99%         5    ######.
 Summon Demon             Summ           #.........   99%         5    ######.
 Summon Mana Viper        Hex/Summ       #.......     99%         5    ######.
 Yara's Violent Unravell  Hex/Tmut       #.........   99%         5    ######.
 Conjure Ball Lightning   Conj/Air       #.........   100%        6    #######
 Death Channel            Necr           #.........   100%        6    #######
 Eringya's Noxious Bog    Tmut/Pois      #.........   100%        6    #######
 Iron Shot                Conj/Erth      #.........   100%        6    #######
 Shadow Creatures         Summ           N/A          100%        6    #######
 Simulacrum               Ice/Necr       #.........   100%        6    #######
 Statue Form              Tmut/Erth      #........    100%        6    #######
 Malign Gateway           Summ/Tloc      #.........   100%        7    #######
 Orb of Destruction       Conj           #.........   100%        7    #######
 Spellforged Servitor     Conj/Summ      #.........   100%        7    #######
 Summon Hydra             Summ           #.........   100%        7    #######
 Dragon's Call            Summ           #.........   100%        9    #######
 Shatter                  Erth           #.........   100%        9    #######
 Tornado                  Air            #.........   100%        9    #######


Dungeon Overview and Level Annotations

Branches:
Dungeon (15/15)            Temple (1/1) D:5            Lair (6/6) D:8
  Swamp (4/4) Lair:2        Snake (4/4) Lair:3        Slime (0/5) Lair:5
    Orc (2/2) D:9             Elf (3/3) Orc:2        Vaults (5/5) D:14
  Crypt (0/3) Vaults:3     Depths (5/5) D:15            Zot (0/5) Depths:5

Altars:
Ashenzari
Cheibriados
Dithmenos
Elyvilon
Fedhas
Gozag
Hepliaklqana
Kikubaaqudgha
Makhleb
Nemelex Xobeh
Okawaru
Qazlal
Ru
Sif Muna
Trog
Uskayaw
Vehumet
Wu Jian
Xom
Yredelemnul
Zin
The Shining One
Beogh
Jiyva

Shops:
D:9 *   D:13 !   D:14 [   Orc:2 (((?   Elf:2 :   Vaults:3 [   Depths:4 =}}

Portals:
Hell: Depths:1 Depths:2 Depths:3 Depths:4 Depths:5
Abyss: Depths:2 Depths:4
Pandemonium: Depths:3
Ziggurat: Depths:2

Annotations:
D:14 exclusion: obsidian statue
Depths:5 4 runed translucent doors


Innate Abilities, Weirdness & Mutations

You reflexively headbutt those who attack you in melee.
You have a pair of horns on your head.
Your body sometimes deteriorates upon taking damage.
You expend magic power (3 MP) to strengthen your wands.


Message History

Your angel hits the frost giant with a +1 whip of holy wrath.
A frost giant comes into view.
It is wielding a +1 battleaxe of freezing.
An ironbrand convoker comes into view.
It is wielding a +0 flail and wearing a +2 ring mail of fire resistance.
A yaktaur captain comes into view.
A spriggan comes into view.
The ogre mage casts a spell at the two-headed ogre.
The two-headed ogre seems to speed up.
Your surroundings suddenly seem different.
A stone giant comes into view.
Found four items.
A storm dragon and a deep elf mage come into view.
An ironbrand convoker comes into view. It is wielding a +0 flail.
The storm dragon roars deafeningly!
The deep elf mage shouts!
You hear a shout!
The stone giant throws a large rock.
The large rock completely misses you.
As you read the scroll of summoning, it crumbles to dust.
Wisps of shadow whirl around you...
The stone giant throws a large rock.
The large rock hits your vault guard!
A yaktaur captain comes into view.
The storm dragon breathes lightning at you.
The bolt of lightning hits you!!!
You die... ###### #..... ..... .p.## pe.

#.##
#@p##
#.ep#
#...p#
#.....#
#...p.p#
#.D..C.=#
#......)$
#...c..}#
#......##


You could see a storm dragon (catching breath), a stone giant, a yaktaur
captain, an ironbrand convoker, a deep elf mage, 2 friendly ironheart
preservers, a friendly vault warden (summoned, wandering), 2 friendly vault
guards, a friendly vault sentinel (summoned, wandering) and a friendly deep elf
mage (summoned, wandering).

Vanquished Creatures
  Mennas (Vaults:3)
  2 juggernauts (Depths:2)
  Sojobo (Depths:1)
  Bai Suzhen (Vaults:4)
  Frederick (Vaults:3)
  Xtahua (Depths:3)
  Nikola (Swamp:3)
  3 golden dragons
  the Enchantress (Depths:1)
  A bone dragon (Depths:5)
  Jorgrun (Elf:2)
  5 tentacled monstrosities
  Rupert (Lair:3)
  A deep elf blademaster (Elf:3)
  6 liches
  2 deep elf master archers (Elf:3)
  2 sphinxes
  3 storm dragons
  Gastronok (Lair:3)
  Agnes (Vaults:4)
  4 thorn hunters
  Roxanne (Snake:4)
  4 tengu reavers
  8 nagarajas
  3 frost giants
  9 fire giants
  A draconian monk (Depths:5)
  2 draconian knights
  2 orc warlords
  A balrug (Depths:1)
  A ghoul (Vaults:2)
  An iron dragon (Depths:4)
  4 vault wardens
  7 deep elf sorcerers
  2 deep elf elementalists (Elf:3)
  3 spriggan defenders (Depths:1)
  A draconian annihilator (Depths:5)
  A draconian shifter (Depths:5)
  10 ironheart preservers
  A reaper (Depths:3)
  22 very ugly things
  14 stone giants
  The ghost of Hycrow the Severer, a journeyman MiBe of Trog (Lair:3)
  4 green draconians (Depths:5)
  6 vampire knights
  4 deep elf demonologists
  2 white draconians (Depths:5)
  A purple draconian (Depths:5)
  3 red draconians (Depths:5)
  2 yellow draconians (Depths:5)
  8 deep elf annihilators
  2 black draconians (Depths:5)
  5 dire elephants (Lair:6)
  6 spark wasps
  5 deep elf death magi (Elf:3)
  14 fire dragons
  2 deep elf high priests
  8 ettins
  Fannar (Lair:3)
  5 ice dragons
  11 yaktaur captains
  15 hydras
  7 great orbs of eyes
  4 rakshasas
  21 vault guards
  A ghost crab (Swamp:4)
  7 anacondas
  2 spriggan air magi
  12 centaur warriors
  9 deep troll shamans
  23 naga warriors
  4 shambling mangroves
  15 ogre magi
  51 two-headed ogres
  4 death knights
  27 dancing weapons
  15 alligators
  6 tengu warriors
  3 spriggan berserkers
  11 deep troll earth magi
  3 orc high priests
  3 vampire magi
  7 naga sharpshooters
  4 sun demons
  3 shock serpents
  5 iron trolls
  14 deep elf knights
  17 hell knights
  3 spriggan druids
  8 skeletal warriors
  5 salamander mystics
  A glowing orange brain (Vaults:3)
  6 wizards
  13 swamp dragons
  3 unseen horrors
  3 flayed ghosts
  32 deep trolls
  An orange crystal statue (D:12)
  8 deep elf archers
  A tengu zombie (Vaults:4)
  11 ironbrand convokers
  An obsidian statue (D:12)
  7 naga ritualists
  Pikel (D:8)
  2 shadow demons (Elf:3)
  A torturous demonspawn (Depths:3)
  7 mana vipers
  8 orc knights
  6 necromancers
  6 phantasmal warriors
  A tengu skeleton (Vaults:4)
  2 wolf spiders
  A mana viper (shapeshifter) (Vaults:5)
  A lindwurm (shapeshifter) (Vaults:2)
  58 deep elf magi
  59 ugly things
  An orc sorcerer (D:14)
  A moth of wrath (shapeshifter) (Depths:2)
  An oklob plant (Snake:3)
  21 salamanders
  A manticore (D:14)
  Maurice (D:8)
  11 cyclopes
  Joseph (D:7)
  2 black mambas (shapeshifter)
  26 black mambas
  A rust devil (Depths:3)
  10 guardian serpents
  19 naga magi
  5 elephants
  8 vault sentinels
  A torpor snail (Lair:6)
  2 gargoyles
  15 spiny frogs
  2 titan simulacra
  Maggie (D:8)
  4 kobold demonologists
  A yaktaur (shapeshifter) (Vaults:3)
  6 komodo dragons
  A rime drake (Lair:2)
  A human zombie (Vaults:2)
  7 freezing wraiths
  34 yaktaurs
  3 polar bears
  4 trolls
  9 tyrant leeches
  20 hornets
  A tyrant leech (shapeshifter) (Depths:3)
  7 bog bodies
  2 polar bears (shapeshifter)
  3 blink frogs (Lair:1)
  26 slime creatures
  A blink frog (shapeshifter) (Vaults:2)
  A snapping turtle (shapeshifter) (Depths:5)
  A raiju (shapeshifter) (Vaults:4)
  12 spriggans
  7 hippogriffs
  4 water elementals
  6 wraiths
  3 air elementals
  2 shadows
  Sigmund (D:3)
  A fire elemental (Elf:3)
  A tarantella (shapeshifter) (Vaults:1)
  29 yaks
  8 wyverns
  A hog (shapeshifter) (Vaults:4)
  2 vampires
  A yak (shapeshifter) (Elf:3)
  3 basilisks
  A hungry ghost (D:7)
  23 humans
  A basilisk (shapeshifter) (D:15)
  22 vampire mosquitoes
  Menkaure (D:5)
  2 human simulacra (Vaults:2)
  Grum (D:8)
  16 swamp worms
  70 nagas
  4 wargs
  A yaktaur simulacrum (Vaults:3)
  9 insubstantial wisps
  An acid dragon (D:11)
  16 swamp drakes
  7 water moccasins
  3 eyes of draining
  5 sky beasts
  6 porcupines
  42 orc warriors
  A slave (D:8)
  2 ice beasts
  A phantom (D:14)
  A necrophage (D:15)
  4 black bears
  55 ogres
  19 wolves
  23 centaurs
  2 elf skeletons
  3 human skeletons
  12 boggarts
  12 crocodiles
  3 big kobolds
  2 earth elementals (Elf:1)
  17 bullfrogs
  A wyvern skeleton (D:10)
  A hornet simulacrum (D:15)
  4 scorpions
  10 killer bees
  7 wights
  4 electric eels
  6 howler monkeys (D:10)
  14 crimson imps
  5 centaur zombies
  A quasit (D:8)
  2 bullfrog zombies (D:11)
  8 jellies
  29 orc priests
  30 orc wizards
  4 bullfrog skeletons
  4 centaur skeletons
  10 hounds
  4 iguanas
  3 hell rats (Lair:4)
  14 worker ants
  2 hound skeletons
  11 gnolls
  21 adders
  5 river rats (Lair:4)
  2 shadow imps
  2 oozes
  An adder zombie (D:9)
  3 worms
  2 dart slugs
  8 leopard geckos
  93 orcs
  6 bats
  6 giant cockroaches
  7 goblins
  A hobgoblin (D:1)
  4 jackals (D:4)
  22 kobolds
  5 quokkas
  4 frilled lizards
  A leopard gecko zombie (D:5)
  A quokka skeleton (D:8)
  11 rats
  A briar patch (Swamp:3)
  A butterfly (Lair:6)
  5 plants
1894 creatures vanquished.

Vanquished Creatures (collateral kills)
  A titan (Vaults:5)
  A deep elf blademaster (Elf:3)
  A shadow dragon (Vaults:5)
  A tengu reaver (Depths:1)
  2 nagarajas (Snake:4)
  A deep elf sorcerer (Elf:3)
  2 frost giants (Vaults:4)
  An ironheart preserver (Vaults:1)
  A deep elf demonologist (Elf:3)
  A stone giant (Vaults:4)
  A red draconian (Depths:5)
  2 deep elf annihilators
  2 ettins
  A yellow draconian (Depths:5)
  A deep elf death mage (Elf:3)
  A great orb of eyes (Vaults:4)
  2 yaktaur captains
  2 deep elf high priests (Elf:3)
  A rakshasa (Depths:1)
  10 vault guards (Vaults:5)
  An ogre mage (Vaults:1)
  A deep troll earth mage (Depths:1)
  A skeletal warrior (Vaults:1)
  A deep elf archer (Vaults:1)
  2 mana vipers (Snake:4)
  A salamander (Snake:4)
  3 ugly things (Depths:1)
  A naga mage (Snake:4)
  2 vault sentinels (Vaults:1)
  2 yaktaurs
  A hippogriff (D:15)
  2 water elementals (Depths:1)
  A soldier ant (D:15)
  A naga (Snake:4)
  A warg (D:15)
  3 wights (D:14)
59 creatures vanquished.

Vanquished Creatures (others)
  An eldritch tentacle (Vaults:1)
  3 deep elf demonologists (Elf:3)
  A deep elf annihilator (Elf:3)
  A rakshasa (Depths:1)
  A vault sentinel (Vaults:5)
  A hornet (Swamp:4)
  3 slaves (D:8)
  2 porcupines (D:8)
  A crocodile (D:8)
  A rat (Lair:4)
  7 briar patches (Swamp:3)
  8 fungi
  19 plants
49 creatures vanquished.

Grand Total: 2002 creatures vanquished

Notes
Turn   | Place    | Note
-------+----------+-------------------------------------------
     0 | D:1      | prdct the Minotaur Gladiator began the quest for the Orb.
     0 | D:1      | Reached XP level 1. HP: 18/18 MP: 0/0
   377 | D:1      | Reached XP level 2. HP: 25/25 MP: 1/1
  1006 | D:2      | Reached XP level 3. HP: 17/30 MP: 2/2
  1699 | D:2      | Reached skill level 5 in Long Blades
  1800 | D:2      | Reached XP level 4. HP: 37/37 MP: 3/3
  2026 | D:3      | Noticed Sigmund
  2032 | D:3      | Killed Sigmund
  2032 | D:3      | Reached skill level 3 in Fighting
  2032 | D:3      | Reached skill level 1 in Armour
  2032 | D:3      | Reached XP level 5. HP: 30/45 MP: 4/4
  2896 | D:3      | Reached XP level 6. HP: 51/51 MP: 5/5
  3150 | D:3      | Found a white marble altar of Elyvilon.
  3233 | D:3      | Reached skill level 1 in Slings
  3339 | D:4      | Reached skill level 1 in Polearms
  3636 | D:4      | You fall into a shaft and drop 3 floors!
  3650 | D:7      | Noticed a sky beast
  3672 | D:7      | Killed a sky beast
  3672 | D:7      | Reached XP level 7. HP: 13/58 MP: 6/6
  4091 | D:7      | Reached skill level 4 in Fighting
  4288 | D:5      | Entered Level 5 of the Dungeon
  4293 | D:5      | Found a sacrificial altar of Ru.
  4380 | D:5      | Reached skill level 5 in Polearms
  4920 | D:4      | Reached XP level 8. HP: 67/67 MP: 7/7
  5230 | D:5      | Reached skill level 5 in Dodging
  5267 | D:5      | Found a staircase to the Ecumenical Temple.
  5709 | D:5      | Noticed Menkaure
  5716 | D:5      | Killed Menkaure
  5867 | D:5      | Found a shattered altar of Ashenzari.
  6348 | Temple   | Entered the Ecumenical Temple
  6531 | Temple   | Became a worshipper of the Shining One
  6836 | D:7      | Reached skill level 5 in Fighting
  7032 | D:7      | Reached XP level 9. HP: 70/74 MP: 8/8
  7098 | D:7      | Noticed Joseph
  7113 | D:7      | Killed Joseph
  7435 | D:7      | Reached skill level 5 in Armour
  7441 | D:7      | Reached skill level 10 in Polearms
  7778 | D:8      | Noticed Maggie
  7796 | D:8      | Killed Maggie
  8144 | D:8      | Reached skill level 6 in Fighting
  8536 | D:8      | Reached * piety under the Shining One
  8543 | D:8      | Reached XP level 10. HP: 81/84 MP: 9/9
  8559 | D:8      | Noticed Pikel
  8572 | D:8      | Killed Pikel
  8911 | D:8      | Found a sacrificial altar of Ru.
  8979 | D:8      | Noticed Grum
  8991 | D:8      | Killed Grum
  9130 | D:8      | Found a radiant altar of Vehumet.
  9152 | D:8      | Noticed Maurice
  9160 | D:8      | Killed Maurice
  9301 | D:8      | Found a staircase to the Lair.
  9502 | D:8      | Found an ornate altar of the Wu Jian Council.
  9692 | D:9      | Reached skill level 7 in Fighting
  9708 | D:9      | Found Ypel's General Store.
 10277 | D:9      | Reached ** piety under the Shining One
 10380 | D:9      | Found a staircase to the Orcish Mines.
 10618 | D:10     | Entered Level 10 of the Dungeon
 10620 | D:10     | Noticed a two-headed ogre
 10629 | D:10     | Killed a two-headed ogre
 10629 | D:10     | Reached skill level 1 in Evocations
 10629 | D:10     | Reached XP level 11. HP: 82/92 MP: 10/10
 11438 | D:11     | Got a bloodstained fustibalus
 11439 | D:11     | Identified the +3 fustibalus of Nemelex Xobeh's Grace
                  | {speed, Dex+2} (You found it on level 11 of the Dungeon)
 11537 | D:11     | Noticed a skeletal warrior
 11554 | D:11     | Killed a skeletal warrior
 11897 | D:11     | Reached skill level 8 in Fighting
 11900 | D:11     | Noticed a skeletal warrior
 11913 | D:11     | Killed a skeletal warrior
 11913 | D:11     | Reached *** piety under the Shining One
 11947 | D:11     | Noticed a skeletal warrior
 11954 | D:11     | Killed a skeletal warrior
 11954 | D:11     | Reached skill level 15 in Polearms
 12436 | D:11     | Noticed a brown ugly thing
 12446 | D:11     | Killed a brown ugly thing
 12804 | Lair:1   | Entered Level 1 of the Lair of Beasts
 12923 | Lair:1   | Reached XP level 12. HP: 103/103 MP: 13/13
 13159 | Lair:1   | Reached skill level 9 in Fighting
 13964 | Lair:2   | Found a staircase to the Swamp.
 13973 | Lair:2   | Reached **** piety under the Shining One
 14848 | Lair:2   | Reached skill level 10 in Fighting
 15103 | Lair:3   | Noticed Fannar
 15111 | Lair:3   | Killed Fannar
 15201 | Lair:3   | Reached skill level 5 in Evocations
 15401 | Lair:3   | Found a runed translucent door.
 15401 | Lair:3   | Noticed Hycrow's ghost (journeyman MiBe)
 15415 | Lair:3   | Killed Hycrow's ghost
 15415 | Lair:3   | Reached skill level 11 in Fighting
 15479 | Lair:3   | Noticed Gastronok
 15492 | Lair:3   | Killed Gastronok
 15492 | Lair:3   | Reached skill level 10 in Dodging
 15531 | Lair:3   | Found a staircase to the Snake Pit.
 15571 | Lair:3   | Got a dazzling chain mail
 15582 | Lair:3   | Identified the +7 chain mail of Life {MR+ MP+9 Dex-4} (You
                  | found it on level 3 of the Lair of Beasts)
 15592 | Lair:3   | You fall into a shaft and drop 1 floor!
 15725 | Lair:3   | Learned a level 2 spell: Blink
 15825 | Lair:3   | Noticed Rupert
 15828 | Lair:3   | Paralysed by Rupert for 3 turns
 15835 | Lair:3   | Killed Rupert
 15835 | Lair:3   | Reached XP level 13. HP: 82/117 MP: 16/16
 16002 | Lair:3   | Reached skill level 1 in Translocations
 17104 | Lair:5   | Reached skill level 12 in Fighting
 17417 | Lair:5   | Found a staircase to the Slime Pits.
 17417 | Lair:5   | Found a viscous altar of Jiyva.
 17634 | Lair:6   | Entered Level 6 of the Lair of Beasts
 18725 | Lair:6   | Reached skill level 10 in Armour
 18739 | Lair:6   | Noticed a dire elephant
 18739 | Lair:6   | Noticed a dire elephant
 18751 | Lair:6   | Killed a dire elephant
 18760 | Lair:6   | Killed a dire elephant
 18760 | Lair:6   | Reached skill level 1 in Invocations
 18832 | Lair:6   | Got a jewelled great sword
 18833 | Lair:6   | Identified the +7 great sword of Guile {pain, rN+ Int-4
                  | Dex+4} (You found it on level 6 of the Lair of Beasts)
 18921 | Lair:6   | Noticed a dire elephant
 18934 | Lair:6   | Killed a dire elephant
 19107 | Lair:6   | Noticed a dire elephant
 19119 | Lair:6   | Killed a dire elephant
 19119 | Lair:6   | Reached skill level 1 in Spellcasting
 19446 | Lair:6   | Noticed a dire elephant
 19463 | Lair:6   | Killed a dire elephant
 19463 | Lair:6   | Reached skill level 13 in Fighting
 19571 | Lair:6   | Noticed a dire elephant
 19949 | Orc:1    | Entered Level 1 of the Orcish Mines
 19949 | Orc:1    | Noticed an orc warlord
 19949 | Orc:1    | Reached ***** piety under the Shining One
 20583 | D:9      | Killed an orc warlord
 21232 | Orc:1    | Found a runed translucent door.
 21387 | Orc:1    | Found a roughly hewn altar of Beogh.
 21450 | Orc:2    | Entered Level 2 of the Orcish Mines
 21465 | Orc:2    | Found a staircase to the Elven Halls.
 21485 | Orc:2    | Reached XP level 14. HP: 125/129 MP: 18/18
 21930 | Orc:2    | Found Piudy's Weapon Boutique.
 21930 | Orc:2    | Found Kenaubupn's Magic Scroll Emporium.
 21931 | Orc:2    | Found Ori Venuo's Antique Weapon Shoppe.
 21931 | Orc:2    | Found Lisherim's Antique Weapon Boutique.
 21959 | Orc:2    | Bought a scroll of acquirement for 676 gold pieces
 22247 | Orc:2    | Found a roughly hewn altar of Beogh.
 22259 | Orc:2    | Reached skill level 14 in Fighting
 25047 | D:13     | Found Tinustosel's Distillery.
 25258 | D:14     | Reached skill level 1 in Shields
 25341 | D:14     | Reached XP level 15. HP: 90/139 MP: 19/19
 25571 | D:14     | Reached skill level 15 in Fighting
 25649 | D:14     | Found a gate to the Vaults.
 25697 | D:14     | Reached skill level 5 in Invocations
 25942 | D:14     | Found Wedathokk's Antique Armour Boutique.
 25950 | D:14     | Bought a pair of runed boots for 240 gold pieces
 26566 | D:14     | Lost intelligence.
 26583 | D:14     | Gained mutation: You expend magic power (3 MP) to
                  | strengthen your wands. [a neqoxec]
 26852 | D:14     | Noticed an orc warlord
 26870 | D:14     | Killed an orc warlord
 27948 | D:14     | Found a roughly hewn altar of Beogh.
 28264 | D:14     | Paralysed by a wizard for 7 turns
 28510 | D:14     | Reached skill level 5 in Shields
 29117 | D:15     | Entered Level 15 of the Dungeon
 29794 | D:15     | Reached ****** piety under the Shining One
 29870 | D:14     | Reached skill level 16 in Fighting
 30861 | Orc:2    | Bought a scroll of identify for 26 gold pieces
 30861 | Orc:2    | Bought a scroll of identify for 26 gold pieces
 30861 | Orc:2    | Bought a scroll of identify for 26 gold pieces
 30861 | Orc:2    | Bought a scroll of summoning for 123 gold pieces
 31260 | D:15     | Found a staircase to the Depths.
 31657 | Snake:1  | Entered Level 1 of the Snake Pit
 31961 | Snake:1  | Reached XP level 16. HP: 151/151 MP: 20/20
 32114 | Snake:1  | Reached skill level 10 in Shields
 32500 | Snake:1  | Reached skill level 5 in Translocations
 32505 | Snake:1  | Got an ancient scimitar
 32506 | Snake:1  | Identified the +9 scimitar "Emoorgh" {antimagic, rF+ Int+4}
                  | (You found it on level 1 of the Snake Pit)
 33030 | Snake:2  | Reached XP level 17. HP: 117/158 MP: 21/21
 35468 | Snake:3  | Found a shattered altar of Ashenzari.
 36452 | Snake:4  | Entered Level 4 of the Snake Pit
 37135 | Snake:4  | Identified Roxanne's Reference Book on Transformation
 37135 | Snake:4  | Noticed Roxanne
 37239 | Snake:4  | Killed Roxanne
 37785 | Snake:4  | Reached XP level 18. HP: 111/166 MP: 15/24
 38359 | Snake:4  | Reached skill level 5 in Spellcasting
 39695 | Snake:4  | Got a serpentine rune of Zot
 40324 | Vaults:1 | Entered Level 1 of the Vaults
 40402 | Vaults:1 | Found a flickering gateway to a bazaar.
 40416 | Bazaar   | Entered a bazaar
 40420 | Bazaar   | Found Fulaish's Book Boutique.
 40652 | Bazaar   | Found Qyosyb's Antique Weapon Emporium.
 40669 | Bazaar   | Found Locw's Jewellery Boutique.
 40686 | Bazaar   | Found Nikhorchu's Antique Armour Shoppe.
 40708 | Bazaar   | Bought a manual of Shields for 883 gold pieces
 40750 | Vaults:1 | Reached skill level 15 in Shields
 42396 | Swamp:1  | Entered Level 1 of the Swamp
 43417 | Swamp:1  | Reached XP level 19. HP: 172/172 MP: 26/26
 44662 | Swamp:3  | Noticed Nikola
 44706 | Swamp:3  | Killed Nikola
 45365 | Swamp:4  | Entered Level 4 of the Swamp
 46462 | Swamp:4  | Got a decaying rune of Zot
 48763 | Vaults:2 | Reached skill level 17 in Fighting
 48770 | Vaults:2 | Reached XP level 20. HP: 184/184 MP: 28/28
 49182 | Vaults:3 | Paralysed by a great orb of eyes for 4 turns
 49461 | Vaults:3 | Found Wiyvetyu's Antique Armour Emporium.
 50153 | Vaults:3 | Noticed Mennas
 50243 | Vaults:3 | Killed Mennas
 51527 | Vaults:3 | Found a staircase to the Crypt.
 52123 | Vaults:4 | Reached skill level 18 in Fighting
 52519 | Vaults:4 | Noticed Bai Suzhen
 52579 | Vaults:4 | Killed Bai Suzhen
 52948 | Vaults:4 | Reached XP level 21. HP: 94/195 MP: 22/31
 53779 | Vaults:4 | Noticed Agnes
 53793 | Vaults:4 | Killed Agnes
 53844 | Vaults:4 | HP: 8/195 [stone giant/large rock (19)]
 55052 | Vaults:4 | Noticed Frederick
 55083 | Vaults:3 | Reached skill level 19 in Fighting
 55104 | Vaults:3 | Killed Frederick
 55947 | Elf:1    | Entered Level 1 of the Elven Halls
 57193 | Elf:2    | Reached skill level 15 in Armour
 57874 | Elf:2    | Found a runed translucent gate.
 57882 | Elf:2    | Noticed Jorgrun
 57890 | Elf:2    | Killed Jorgrun
 58007 | Elf:2    | Found Guluecea's Book Shoppe.
 58025 | Elf:2    | Found a runed translucent gate.
 58031 | Elf:2    | Found a runed translucent gate.
 58115 | Elf:2    | Reached skill level 20 in Fighting
 58597 | Elf:3    | Entered Level 3 of the Elven Halls
 58878 | Elf:3    | Got a pitted leather armour
 58889 | Elf:3    | Identified the +1 leather armour of Areakk {Int+4} (You
                  | found it on level 3 of the Elven Halls)
 59042 | Elf:3    | Reached XP level 22. HP: 211/211 MP: 33/33
 59274 | Elf:3    | Found a shimmering blue altar of Sif Muna.
 59282 | Elf:3    | Gained mutation: Your body sometimes deteriorates upon
                  | taking damage. [a neqoxec]
 59477 | Elf:3    | Got a pitted diamond amulet
 59479 | Elf:3    | Identified the amulet of Ypsujao {RegenMP Int-2 Dex+5
                  | Slay+6} (You found it on level 3 of the Elven Halls)
 59481 | Elf:3    | Identified the Almanac of Summoning
 59960 | Elf:3    | Identified the amulet "Vachusu" {Reflect Int+2 Dex+4 SH+5}
 60293 | Elf:3    | Lost intelligence.
 60445 | Elf:3    | Identified the ring "Numomp" {*Corrode rN+ MR+++ Dex-5
                  | SInv}
 60834 | Elf:3    | Identified the ring of Ecuq {rElec rC++ rN+ Int+4 Dex-3}
 60863 | Elf:3    | Reached skill level 21 in Fighting
 60888 | Elf:3    | Identified the amulet of the Country {RegenMP rN+ MR-
                  | Dex+4}
 60976 | Elf:3    | Identified the Compendium of Poison
 61120 | Elf:3    | Identified the Catalogue of the Icy Entourage
 61124 | Elf:3    | Identified Dyihi's Papyrus of the Escort and Feathers
 61488 | Depths:1 | Entered Level 1 of the Depths
 61542 | Depths:1 | Noticed the Enchantress
 62101 | Depths:1 | Killed the Enchantress
 62110 | Depths:1 | Reached skill level 15 in Dodging
 62393 | Depths:1 | Noticed Sojobo
 62433 | Depths:1 | Killed Sojobo
 62738 | Depths:1 | Found a gateway to Hell.
 62921 | Depths:2 | Found a gateway to a ziggurat.
 62976 | Depths:2 | Found a shimmering altar of Xom.
 63082 | Depths:2 | Found a one-way gate to the infinite horrors of the Abyss.
 63301 | Depths:2 | Reached skill level 1 in Stealth
 63376 | Depths:2 | Noticed a juggernaut
 63396 | Depths:2 | Noticed a juggernaut
 63402 | Depths:2 | Killed a juggernaut
 63415 | Depths:2 | Killed a juggernaut
 63425 | Depths:2 | Reached XP level 23. HP: 73/220 MP: 34/34
 64643 | Depths:3 | Reached skill level 5 in Stealth
 64787 | Depths:3 | Paralysed by an ogre mage for 2 turns
 65265 | Depths:3 | Noticed Xtahua
 65274 | Depths:3 | Killed Xtahua
 65643 | Depths:3 | Identified the +5 morningstar of Demonkind {elec, rElec
                  | rN+++ Str-5 Int-2}
 65834 | Depths:3 | Found a one-way gate leading to the halls of Pandemonium.
 66753 | Depths:4 | Found Nitop's Gadget Boutique.
 66754 | Depths:4 | Found Yplieq's Jewellery Emporium.
 66755 | Depths:4 | Found Vet Soapn's Gadget Boutique.
 66805 | Depths:5 | Entered Level 5 of the Depths
 66863 | Depths:5 | Reached XP level 24. HP: 228/228 MP: 34/34
 68063 | Depths:5 | Found a runed translucent door.
 68063 | Depths:5 | Found a runed translucent door.
 68284 | Depths:5 | Found a runed translucent door.
 68294 | Depths:5 | Found a runed translucent door.
 69094 | Depths:5 | Found a runed translucent door.
 69094 | Depths:5 | Found a runed translucent door.
 69540 | Depths:5 | Found a gate to the Realm of Zot.
 70031 | Vaults:5 | Entered Level 5 of the Vaults
 70057 | Vaults:5 | Reached skill level 10 in Invocations
 70121 | Vaults:5 | HP: 10/228 [ettin/+0 dire flail (18)]
 70127 | Vaults:5 | Killed from afar by a storm dragon

Illustrated notes

Levels and vault maps discovered:
D:1:      dpeg_arrival_court, layout_basic,
          wander_ebering_terrifying_dragon_lair
D:2:      layout_rooms
D:3:      kennysheep_six_static_rooms, layout_rooms, old_standard_altar,
          uniq_sigmund
D:4:      layout_basic
D:5:      layout_basic, lemuel_coloured_pillars_altar,
          minmay_temple_entry_from_below_a, first_ration, hangedman_ru_absence,
          uniq_menkaure
D:6:      layout_basic
D:7:      layout_gridville, uniq_joseph
D:8:      layout_loops_corners, overflow_temple_1_default, lemuel_crystal_altar,
          minmay_lair_entry_grove, basic_altar, uniq_maggie, uniq_grum,
          uniq_maurice, uniq_pikel
D:9:      layout_basic, orc_0_dummy, serial_shops, shop, grunt_pizzeria,
          kennysheep_generic_room_3
D:10:     layout_long_grid, minmay_misc_feat_rows
D:11:     layout_roguey, lightli_fourway_metalbox
D:12:     layout_long_grid, minmay_more_statues
D:13:     layout_irregular_city, serial_shops, shop, minmay_increasing_density
D:14:     orc_temple, layout_irregular_city, grunt_vaults_entry_tiered,
          serial_shops, shop, chequers_serial_rivers_room_a,
          minmay_protected_statue
D:15:     grunt_enter_depths_snipers, layout_cross, nrook_mini_backslash
Temple:   regret_index_temple_mists
Lair:1:   layout_chaotic_city, serial_bayou_shore_b
Lair:2:   layout_concentric_octagons, skrybe_swamp_entry_bodies,
          serial_bayou_lagoon_a, forest_entry_grove, grunt_megastairs_4,
          infiniplex_staircase_pool_2
Lair:3:   layout_roguey, guppyfry_snake_entry_island,
          hellmonk_ghost_happy_afterlife, wad_woods_river_02, uniq_rupert,
          uniq_fannar, uniq_gastronok
Lair:4:   layout_hall_layers, kennysheep_abandoned_house, grunt_megastairs_1,
          serial_bayou_shore_a, serial_bayou_shore_b, lemuel_fruit_fields
Lair:5:   layout_hall_layers, slime_altar_1
Lair:6:   due_jungle_book, layout_cave_pods, lemuel_fruit_fields,
          grunt_megastairs_2
Swamp:1:  layout_basic_swamp, evilmike_swamp_ruin_house_1
Swamp:2:  layout_basic_swamp, nicolae_swamp_round_clearing
Swamp:3:  layout_basic_swamp, evilmike_swamp_ruin_house_6, uniq_nikola
Swamp:4:  swamp_basic_johnstein, layout_basic_swamp, swamp_pool1
Snake:1:  layout_gridlike
Snake:2:  layout_layer_cave
Snake:3:  layout_gridlike, hangedman_snake_pattern, lemuel_oklob_altar
Snake:4:  johnstein_snake_rune_scales, layout_cave_town, st_stairs_1,
          uniq_roxanne, uniq_saint_roka
Orc:1:    layout_caves, lightli_church_of_beogh, uniq_snorg
Orc:2:    st_orc_ogre_mass, layout_caves, basic_altar
Elf:1:    eino_elf_arrival_the_gate, layout_loops_corners, serial_sigils,
          serial_sigils_hangedman_etch, serial_sigils_hangedman_clutch,
          serial_sigils_hangedman_stare, serial_sigils_hangedman_leer
Elf:2:    layout_gridlike, serial_shops, nicolae_shop_stone, uniq_jorgrun
Elf:3:    elf_hall_gauntlet_narrow, layout_loops_ring, st_stairs_9,
          hangedman_summoners_spam
Vaults:1: vaults_dpeg_spiral, grunt_vaults_hallway_short, v_misc_28,
          grunt_vaults_focal, ontoclasm_vaults_claustrophobia,
          nicolae_vaults_angled_halls, v_misc_9, nicolae_vaults_rhombus_6,
          nicolae_vaults_specimen_jars, vaults_dpeg_diagonal,
          layout_vaults_omnigrid, serial_shops, bzr_entry_dummy
Vaults:2: ontoclasm_vaults_spin, hangedman_vaults_capsules,
          vaults_standard_mumra_x, v_misc_4, vaults_room_grid, v_misc_27,
          nicolae_vaults_windows_and_doors_thing,
          nicolae_vaults_little_squares_6, vaults_room_grid, vaults_room_pools,
          layout_vaults_maze
Vaults:3: minmay_crypt_entry_simple_box, v_misc_14, vaults_room_fancy_cross,
          vaults_mumra_chevron_long, v_rooms_5,
          nicolae_vaults_twisting_passages, ontoclasm_vaults_idyll,
          dpeg_vaults_monster_box, layout_vaults_chaotic_city, serial_shops,
          nicolae_shop_crystal, uniq_mennas
Vaults:4: vaults_room_stairs_pillars, sword_in_stone, v_misc_11, v_misc_5,
          nicolae_vaults_diagonal_hallway_9, ontoclasm_vaults_fault, v_misc_5,
          vaults_dpeg_doors, v_misc_11, vaults_room_semicircle, v_rooms_2,
          hangedman_vaults_impose, dpeg_vaults_monster_row, vaults_room_pools,
          layout_vaults_ring, uniq_margery, uniq_bai_suzhen
Vaults:5
Depths:1: layout_roguey, hex_medium, lightli_too_deep,
          nrook_kobold_shadow_demons, kennysheep_random_hallway,
          serial_bayou_shore_b, uniq_sojobo, uniq_enchantress
Depths:2: minmay_outward_triangles, layout_gridlike, enter_ziggurat_f,
          infiniplex_staircase_door_maze, pf_dread_powers_of_hell,
          hangedman_abyss_entry_splay, xom_teletrap_fun
Depths:3: kennysheep_oblong_rooms, layout_gridville, pf_hell_entry_tar_spiral,
          infiniplex_staircase_river, rand_demon_pan_entry_9,
          grunt_decor_fettered, grunt_ministairs_10, uniq_xtahua
Depths:4: minmay_dotted_concentric_squares, layout_small_grid, hell_entry,
          abyss_entry, serial_bayou_shore_b, minmay_shop_grove,
          infiniplex_staircase_star
Depths:5: evilmike_zot_entry_castle, layout_gridlike, hell_entry,
          serial_sigils_hangedman_writhe

Skill      XL: |  1  2  3  4  5  6  7  8  9 10 11 12 13 14 15 16 17 18 19 20 21 22 23 24 |
---------------+-------------------------------------------------------------------------+-----
Long Blades    | 4 5 6 |  6.9
Fighting       | 3 4 5 6 7 8 11 13 14 16 17 18 20 21 | 21.1
Armour         | 1 2 3 4 5 6 7 9 10 11 13 14 15 18 19 | 19.0
Dodging        | 4 5 6 7 8 10 11 12 13 14 15 18 20 | 20.4
Slings         | 1 |  1.8
Polearms       | 3 5 9 11 14 15 16 17 18 19 | 19.3
Evocations     | 1 3 6 7 8 |  8.6
Translocations | 3 4 5 6 7 8 9 |  9.0
Invocations    | 2 4 6 7 8 9 10 | 10.3
Spellcasting   | 1 3 4 5 6 7 8 |  8.0
Shields        | 1 9 12 13 16 19 20 | 20.0
Stealth        | 3 7 9 |  9.1
Throwing       | |  2.2

Action                   |  1- 3 |  4- 6 |  7- 9 | 10-12 | 13-15 | 16-18 | 19-21 | 22-24 || total
-------------------------+-------+-------+-------+-------+-------+-------+-------+-------++-------
Melee: Long sword        |    53 |    32 |       |       |       |       |       |       ||    85
       Headbutt          |    14 |    13 |    27 |    90 |   279 |   326 |   672 |   452 ||  1873
       Halberd           |       |    58 |   275 |   491 |   637 |       |       |       ||  1461
       Spear             |       |       |       |       |   819 |  1878 |  2498 |       ||  5195
       Trishula          |       |       |       |       |       |       |   388 |  1462 ||  1850
 Fire: Hunting sling     |       |    25 |       |       |       |       |       |       ||    25
       Fustibalus        |       |       |       |    11 |    43 |    26 |       |       ||    80
 Cast: Blink             |       |       |       |       |       |       |     1 |     1 ||     2
Invok: Summon Divine War |       |       |       |       |     2 |     4 |     2 |    10 ||    18
       Cleansing Flame   |       |       |       |       |     2 |     3 |     1 |    16 ||    22
       Divine Shield     |       |       |       |       |     1 |       |     1 |     1 ||     3
Evoke: Wand              |       |       |       |       |     4 |     1 |     8 |     2 ||    15
       Lightning rod     |       |       |       |       |       |       |       |     5 ||     5
       Box of beasts     |       |       |       |       |       |       |       |     1 ||     1
  Use: Scroll            |       |     6 |     7 |     5 |    31 |     9 |    10 |     9 ||    77
       Potion            |       |       |     2 |     1 |     9 |     8 |     4 |     8 ||    32
  Eat: Chunk             |     3 |     6 |    18 |    19 |    28 |    12 |    35 |    22 ||   143
       Ration            |       |       |       |     1 |     8 |     8 |     5 |     6 ||    28
Armor: Leather armour    |    18 |     1 |       |       |       |       |       |       ||    19
       Scale mail        |       |    34 |    34 |       |       |       |       |       ||    68
       Ring mail         |       |       |    30 |    42 |     3 |       |       |       ||    75
       Skin              |       |       |     3 |       |       |       |       |       ||     3
       Chain mail        |       |       |       |     2 |   431 |   321 |   423 |    63 ||  1240
       Acid dragon scale |       |       |       |       |       |       |       |   167 ||   167
Dodge: Dodged            |    40 |    58 |   120 |   187 |   794 |   519 |   727 |   717 ||  3162
Block: Other             |       |       |       |    36 |     4 |       |       |       ||    40
       Reflection        |       |       |       |     1 |       |       |       |       ||     1
       Buckler           |       |       |       |       |   230 |   134 |       |       ||   364
       Kite shield       |       |       |       |       |       |   486 |  1263 |   958 ||  2707
       Rpst.: Long sword |    10 |     8 |       |       |       |       |       |       ||    18
